 Dungeon Crawl Stone Soup version 0.17.1-1-g73c8601 (webtiles) character file.

6867 Celerity the Archer (level 10, -1/66 HPs)
             Began as a High Elf Warper on Dec 21, 2015.
             Was a Believer of Sif Muna.
             Slain by a blink frog (14 damage)
             ... on level 1 of the Lair of Beasts.
             The game lasted 00:46:54 (12003 turns).

Celerity the Archer (High Elf Warper)              Turns: 12003, Time: 00:46:54

Health: -1/66      AC:  8    Str: 10    XL:     10   Next: 78%
Magic:  14/20      EV: 13    Int: 24    God:    Sif Muna [**....]
Gold:   439        SH:  0    Dex: 15    Spells: 6 memorised, 5 levels left

rFire  + . .     SeeInvis +     a - +2 spear (venom)
rCold  + . .     Clarity  .     M - +1 ring mail of Subjectivity {rElec rF+ SInv}
rNeg   . . .     SustAt   .     (no shield)
rPois  .         Gourm    .     A - +1 hat
rElec  +         Spirit   .     B - +0 cloak
rCorr  +         Warding  .     (no gloves)
rMut   .         Stasis   .     (no boots)
MR     +....                    m - amulet of resist corrosion
Stlth  +.........               F - +3 ring of intelligence
                                P - ring of protection from cold

@: somewhat resistant to hostile enchantments, very unstealthy
A: no striking features
a: Channel Energy, Forget Spell, Renounce Religion


You were on level 1 of the Lair of Beasts.
You worshipped Sif Muna.
Sif Muna was pleased with you.
You were hungry.

You visited 2 branches of the dungeon, and saw 10 of its levels.

You collected 439 gold pieces.

Inventory:

Hand Weapons
 a - a +2 spear of venom (weapon)
 b - a +0 shortbow
 c - a -3 blowgun
Missiles
 e - 5 tomahawks of dispersal
 j - 9 arrows of flame
 k - 43 poisoned needles (quivered)
 s - 19 arrows
 D - 5 arrows of frost
 R - 6 tomahawks
Armour
 A - a +1 hat (worn)
 B - a +0 cloak (worn)
 M - the +1 ring mail of Subjectivity (worn) {rElec rF+ SInv}
   (You found it on level 8 of the Dungeon)

   It protects you from fire.
   It insulates you from electricity.
   It lets you see invisible.
Jewellery
 m - an amulet of resist corrosion (around neck)
 F - a +3 ring of intelligence (right hand)
 P - a ring of protection from cold (left hand)
Wands
 t - a wand of cold (0)
 w - a wand of fire (2)
 y - a wand of frost (12)
 E - a wand of lightning (4)
 G - a wand of frost (16)
 K - a wand of enslavement (2)
 O - a wand of enslavement (16)
 T - a wand of digging (6)
Scrolls
 d - 2 scrolls of blinking
 g - 4 scrolls of remove curse
 i - 4 scrolls of enchant armour
 l - 2 scrolls of recharging
 n - a scroll of noise {unknown}
 o - a scroll of magic mapping
 v - a scroll of summoning {unknown}
 x - a scroll of enchant weapon {unknown}
 C - a scroll of immolation {unknown}
 J - a scroll of random uselessness {unknown}
 Q - a scroll of teleportation
 S - a scroll of torment {unknown}
Potions
 p - a potion of magic
 q - a potion of lignification
 r - a potion of curing
 N - a potion of cancellation {unknown}
Books
 u - a book of Spatial Translocations

   Spells                             Type                      Level
   a - Apportation                    Translocation                1
   b - Blink                          Translocation                2
   c - Shroud of Golubria             Charms/Translocation         2
   d - Portal Projectile              Translocation                3
   e - Teleport Other                 Translocation                3
   f - Passage of Golubria            Translocation                4
 I - a book of Enchantments

   Spells                             Type                      Level
   a - Cause Fear                     Hexes                        4
   b - Silence                        Hexes/Air                    5
   c - Deflect Missiles               Charms/Air                   6
   d - Haste                          Charms                       6
   e - Discord                        Hexes                        8
Comestibles
 f - 5 bread rations
 h - 4 meat rations
 z - 9 slices of pizza
 H - 2 beef jerkies
 L - 12 fruits


   Skills:
 - Level 5.0 Fighting
   Level 3.1 Long Blades
 - Level 14.0 Bows
 - Level 1.0 Throwing
 - Level 3.6 Armour
 + Level 6.0 Dodging
 + Level 6.1 Spellcasting
 * Level 1.1 Hexes
 - Level 2.2 Charms
 - Level 8.1 Translocations


You had 5 spell levels left.
You knew the following spells:

 Your Spells              Type           Power        Failure   Level  Hunger
a - Apportation           Tloc           #####.....   1%          1    None
b - Cause Fear            Hex            ##........   95%         4    ###....
c - Shroud of Golubria    Chrm/Tloc      ####......   3%          2    None
d - Teleport Other        Tloc           #####...     1%          3    #......
l - Blink                 Tloc           N/A          1%          2    None
q - Passage of Golubria   Tloc           N/A          10%         4    ###....


Dungeon Overview and Level Annotations

Branches:
Dungeon (9/15)             Temple (0/1) D:4            Lair (1/8) D:8
    Orc: D:9-12

Altars:
Ashenzari
Dithmenos
Elyvilon
Nemelex Xobeh
Okawaru
Ru
Sif Muna
Yredelemnul
Zin

Shops:
D:6 }

Annotations:
D:2 1 exclusion
D:4 Anuprightman's ghost, amateur MiFi
D:5 Blork the orc
D:8 fleckers's ghost, novice MiGl


Message History

Zapping:
E - a wand of lightning {recharged} (will waste charges)
Press: ? - help, Shift-Dir - straight line, f/p - blink frog
Aim: a blink frog You hear a mighty clap of thunder!
The blink frog momentarily phases out as the bolt of lightning passes through it.
Evoking this partially-identified wand wasted a few charges.
Evoke which item? (* to show all) (? for menu, Esc to quit)
Okay, then.
Evoke which item? (* to show all) (? for menu, Esc to quit)
Zapping:
O - a wand of enslavement (will waste charges)
Press: ? - help, Shift-Dir - straight line, f/p - blink frog
Aim: a blink frog (chance to defeat MR: 28%)
The blink frog easily resists.
Evoking this partially-identified wand wasted a few charges.
The blink frog hits you.
* * * LOW HITPOINT WARNING * * *
Casting: Blink
Confirm with . or Enter, or press ? or * to list all spells.
You blink.
The blink frog hits you!
You die...

##### ## #.#.####.#
#.†....(.. ##......(. .
##........ .. ..#......
#P(#(.###..#....+......
##(.#F###..............
##(##.@....#...##.#....
#..##..................
##.##§F.............#..
#.#................#..
#(###..##............+
##.####.#..............
#P.....................
##...........).........
##(....................


You could see 2 blink frogs.

Vanquished Creatures
  A hydra (D:9)
  A hill giant (D:6)
  Joseph (Lair:1)
  2 trolls (D:9)
  Grinder (D:6)
  A blink frog (Lair:1)
  2 basilisks (D:8)
  4 yaks
  A hungry ghost (D:7)
  2 porcupines (D:8)
  A necrophage (D:7)
  An ice beast (D:6)
  A black bear (D:9)
  2 phantoms
  2 centaurs
  6 crocodiles
  3 ogres
  3 big kobolds (D:9)
  4 giant frogs
  3 scorpions
  3 wights (D:9)
  5 killer bees (D:7)
  3 crimson imps
  A centaur zombie (D:9)
  A jelly (D:6)
  2 orc wizards
  A giant frog zombie (D:7)
  Crazy Yiuf (D:5)
  A centaur skeleton (D:3)
  3 hounds
  An iguana (D:9)
  7 worker ants
  8 sheep
  A hound skeleton (D:4)
  3 gnolls
  8 adders
  A shadow imp (D:8)
  4 oozes
  An adder zombie (D:9)
  5 adder skeletons
  3 worms
  19 orcs
  11 bats
  5 giant cockroaches
  11 hobgoblins
  3 jackals (D:3)
  9 kobolds
  4 quokkas
  4 giant geckos
  A giant gecko skeleton (D:4)
  2 giant newts
  8 goblins
  A quokka skeleton (D:8)
  8 rats
191 creatures vanquished.

Vanquished Creatures (collateral kills)
  2 yaks (Lair:1)
2 creatures vanquished.

Vanquished Creatures (others)
  2 plants
2 creatures vanquished.

Grand Total: 195 creatures vanquished

Notes
Turn   | Place    | Note
--------------------------------------------------------------
     0 | D:1      | Celerity the High Elf Warper began the quest for the Orb.
     0 | D:1      | Reached XP level 1. HP: 14/14 MP: 4/4
   247 | D:1      | Reached XP level 2. HP: 20/20 MP: 6/6
   264 | D:1      | Learned a level 2 spell: Blink
   267 | D:1      | Learned a level 2 spell: Shroud of Golubria
   335 | D:1      | Reached skill level 1 in Charms
   878 | D:1      | Reached XP level 3. HP: 21/25 MP: 4/7
  2050 | D:2      | Reached XP level 4. HP: 31/31 MP: 5/8
  2288 | D:3      | Reached skill level 4 in Translocations
  2748 | D:3      | Found a sparkling altar of Nemelex Xobeh.
  2822 | D:3      | Found a deep blue altar of Sif Muna.
  2848 | D:3      | Became a worshipper of Sif Muna the Loreminder
  2982 | D:3      | Reached XP level 5. HP: 33/36 MP: 9/9
  3309 | D:4      | Found a staircase to the Ecumenical Temple.
  3322 | D:4      | Noticed Anuprightman's ghost (amateur MiFi)
  4041 | D:4      | Found a shattered altar of Ashenzari.
  4108 | D:4      | Reached XP level 6. HP: 39/43 MP: 6/11
  4307 | D:5      | Entered Level 5 of the Dungeon
  4358 | D:5      | Noticed Crazy Yiuf
  4378 | D:5      | Killed Crazy Yiuf
  4504 | D:5      | Noticed Blork the orc
  4800 | D:6      | Reached skill level 5 in Translocations
  4815 | D:6      | Learned a level 3 spell: Teleport Other
  4820 | D:6      | Learned a level 4 spell: Passage of Golubria
  4847 | D:6      | You fall through a shaft for 3 floors!
  4921 | D:9      | Reached * piety under Sif Muna
  4921 | D:9      | Reached XP level 7. HP: 34/48 MP: 14/14
  5153 | D:9      | Reached skill level 5 in Bows
  5381 | D:8      | Noticed a basilisk
  5550 | D:9      | Reached skill level 6 in Bows
  5658 | D:9      | Reached XP level 8. HP: 54/54 MP: 13/15
  5774 | D:9      | Reached skill level 7 in Bows
  6052 | D:9      | Learned a level 4 spell: Cause Fear
  6056 | D:9      | Noticed a yak
  6057 | D:9      | Noticed a yak
  6067 | D:9      | Reached skill level 8 in Bows
  6121 | D:9      | Killed a yak
  6315 | D:9      | Killed a yak
  6315 | D:9      | Reached skill level 9 in Bows
  6384 | D:9      | Noticed a three-headed hydra
  6390 | D:9      | Reached skill level 10 in Bows
  6392 | D:9      | Killed a three-headed hydra
  6392 | D:9      | Reached skill level 12 in Bows
  6392 | D:9      | Reached XP level 9. HP: 56/58 MP: 10/16
  6508 | D:9      | Noticed a troll
  6538 | D:9      | Killed a troll
  6703 | D:9      | Noticed a troll
  6723 | D:9      | Killed a troll
  6723 | D:9      | Reached skill level 13 in Bows
  6726 | D:9      | Noticed a tengu reaver
  6865 | D:8      | Noticed a basilisk
  6876 | D:8      | Noticed fleckers's ghost (novice MiGl)
  6883 | D:8      | Killed a basilisk
  6904 | D:8      | HP: 2/59 [porcupine (14)]
  7633 | D:8      | Found a glowing silver altar of Zin.
  7665 | D:8      | Got a crude ring mail
  7676 | D:8      | Identified the cursed +1 ring mail of Subjectivity {rElec rF+ SInv} (You found it on level 8 of the Dungeon)
  7896 | D:8      | HP: 2/59 [basilisk (15)]
  7907 | D:8      | Killed a basilisk
  8448 | D:8      | Reached skill level 5 in Fighting
  8468 | D:6      | Found a basalt altar of Yredelemnul.
  8535 | D:6      | Found a sacrificial altar of Ru.
  8574 | D:6      | Found Nukyvec's Gadget Shop.
  8788 | D:6      | Found an iron altar of Okawaru.
  8808 | D:6      | Reached XP level 10. HP: 53/66 MP: 12/17
  8878 | D:6      | Reached skill level 1 in Armour
  9066 | D:6      | Noticed Grinder
  9085 | D:6      | Killed Grinder
  9532 | D:6      | Noticed a hill giant
  9599 | D:6      | Killed a hill giant
  9599 | D:6      | Reached skill level 14 in Bows
  9832 | D:7      | Found a white marble altar of Elyvilon.
 10451 | D:7      | Reached skill level 5 in Dodging
 10540 | D:7      | Reached skill level 5 in Spellcasting
 10641 | D:7      | Found a shadowy altar of Dithmenos.
 10937 | D:7      | Found an iron altar of Okawaru.
 11037 | D:8      | Found a staircase to the Lair.
 11384 | Lair:1   | Entered Level 1 of the Lair of Beasts
 11484 | Lair:1   | Noticed Joseph
 11512 | Lair:1   | Killed Joseph
 11839 | Lair:1   | Reached ** piety under Sif Muna
 11888 | Lair:1   | Noticed a black mamba
 11996 | Lair:1   | Reached skill level 1 in Hexes
 11997 | Lair:1   | HP: 2/66 [blink frog (7)]
 12003 | Lair:1   | Slain by a blink frog

Action                   |  1- 3 |  4- 6 |  7- 9 | 10-12 || total
-------------------------+-------+-------+-------+-------++-------
Melee: Falchion          |   158 |    48 |       |       ||   206
       Spear             |       |   133 |   265 |   302 ||   700
 Fire: Shortbow          |       |       |    84 |    67 ||   151
       Blowgun           |       |       |       |    17 ||    17
 Cast: Shroud of Golubri |     5 |     9 |    23 |     9 ||    46
       Blink             |     1 |     7 |    31 |    17 ||    56
       Apportation       |       |       |       |     1 ||     1
Evoke: Wand              |       |       |     9 |     8 ||    17
  Use: Scroll            |       |     8 |     4 |     3 ||    15
       Potion            |       |     2 |       |     3 ||     5
 Stab: Sleeping          |       |     1 |       |       ||     1
  Eat: Chunk             |     4 |     6 |     3 |     9 ||    22
       Meat ration       |       |     1 |     1 |     2 ||     4
       Bread ration      |       |       |     1 |       ||     1
       Royal jelly       |       |       |       |     1 ||     1
